 Dungeon Crawl Stone Soup version 0.21.0-24-g2553a33 (webtiles) character file.

134 pstr the Digger (level 5, 0/42 HPs)
             Began as a Naga Earth Elementalist on Jan 19, 2018.
             Hit by a goblin thrown by Robin (2 damage)
             ... on level 2 of the Dungeon.
             The game lasted 00:05:19 (2526 turns).

pstr the Digger (Naga Earth Elementalist)           Turns: 2526, Time: 00:05:20

Health: 0/42       AC:  2    Str: 11    XL:     5   Next: 17%
Magic:  1/10       EV: 10    Int: 16    God:
Gold:   139        SH:  0    Dex: 11    Spells: 7/11 levels left

rFire    . . .     SeeInvis +   r - +0 hand axe
rCold    . . .     Gourm    .   (no shield)
rNeg     + . .     Faith    .   c - +0 robe
rPois    +         Spirit   .   (no helmet)
rElec    .         Reflect  .   (no cloak)
rCorr    .         Harm     .   (no gloves)
MR       .....                  (no barding)
Stlth    ++........             (no amulet)
HPRegen  0.14/turn              g - ring of positive energy
MPRegen  0.12/turn              (no ring)

@: very slightly contaminated, hasted, quick
A: large, see invisible, deformed body, poison resistance, slowness 2, slow
metabolism 1, spit poison 1, AC +1
a: Spit Poison


You were on level 2 of the Dungeon.
You were hungry.

You visited 1 branch of the dungeon, and saw 2 of its levels.

You collected 139 gold pieces.

Inventory:

Hand Weapons
 r - a +0 hand axe (weapon)
Missiles
 b - 82 stones (quivered)
 n - 20 arrows
Armour
 c - a +0 robe (worn)
 m - a +0 pair of gloves
 o - a +0 ring mail
 q - a +0 leather armour
Jewellery
 g - a ring of positive energy (left hand)
Scrolls
 a - a scroll of remove curse {unknown}
 f - 2 scrolls of immolation {unknown}
 h - 3 scrolls of identify {unknown}
 i - a scroll of blinking {unknown}
 j - a scroll of teleportation {unknown}
Potions
 k - a potion of mutation {unknown}
 l - a potion of curing {unknown}
Books
 e - a book of Geomancy

   Spells                             Type                      Level
   a - Sandblast                      Earth                        1
   b - Passwall                       Transmutation/Earth          2
   c - Stone Arrow                    Conjuration/Earth            3
   d - Petrify                        Transmutation/Earth          4
   e - Lee's Rapid Deconstruction     Earth                        5
Comestibles
 d - 5 rations


   Skills:
 + Level 1.7 Dodging
 + Level 3.1 Stealth
 + Level 3.5 Spellcasting
 + Level 1.5 Conjurations
   Level 1.0 Transmutations
 + Level 4.0 Earth Magic


You had 7 spell levels left.
You knew the following spells:

 Your Spells              Type           Power        Failure   Level  Hunger
a - Sandblast             Erth           ###...       3%          1    None
b - Stone Arrow           Conj/Erth      ##....       17%         3    ###....


Dungeon Overview and Level Annotations

Branches:
Dungeon (2/15)

Altars:
Ru
Yredelemnul

Annotations:
D:2 Robin


Innate Abilities, Weirdness & Mutations

You cannot wear boots.
Your serpentine skin is tough. (AC +1)
You have supernaturally acute eyesight. (SInv)
Armour fits poorly on your strangely shaped body.
Your system is resistant to poisons. (rPois)
You cover ground very slowly.
You have a slow metabolism.
You can spit poison.


Message History

Robin throws the goblin at you! The goblin barely misses you.
Robin roars a battlecry!
The hobgoblins go into a battle-frenzy!
The goblin misses you.
The goblin shouts!
You hit the goblin.
The goblin is moderately wounded.
You closely miss the hobgoblin.
The goblin no longer looks unusually strong.
The goblin hits you but does no damage. The hobgoblin hits you with a club!
* * * LOW HITPOINT WARNING * * *
You feel yourself speed up.
The goblin no longer looks unusually strong. x2
The goblin hits you with a dagger.
* * * LOW HITPOINT WARNING * * *
Robin hits you but does no damage. The goblin closely misses you.
The hobgoblin hits you with a club.
* * * LOW HITPOINT WARNING * * *
Robin throws the goblin at you!
You die...

.........+......'.#
##########......#'#+###
###..........#
##.........# ########
#.........# .......#
##........# .......#
#........# .......#
#...g....# .......#
##.@g#.### .......#
##g.# # .......# #gg#
.####### #.)# .# ##.# #
.# ######g#.# .#
#......#.# .#
#.####...##### .#
#........


You could see Robin, 2 hobgoblins and 3 goblins.

Vanquished Creatures
  Natasha (thrice) (D:2)
  3 dart slugs
  4 leopard geckos
  6 bats
  5 giant cockroaches
  10 goblins
  7 hobgoblins
  A ball python (D:1)
  3 frilled lizards
  4 kobolds
  6 rats
52 creatures vanquished.

Notes
Turn   | Place    | Note
-------+----------+-------------------------------------------
     0 | D:1      | pstr the Naga Earth Elementalist began the quest for the Orb.
     0 | D:1      | Reached XP level 1. HP: 15/15 MP: 3/3
   329 | D:1      | Reached XP level 2. HP: 22/22 MP: 3/5
   803 | D:1      | Reached XP level 3. HP: 27/28 MP: 2/6
   808 | D:1      | Learned a level 3 spell: Stone Arrow
  2048 | D:2      | Noticed Natasha
  2052 | D:2      | Killed Natasha
  2052 | D:2      | Reached skill level 4 in Earth Magic
  2052 | D:2      | Reached XP level 4. HP: 28/36 MP: 4/8
  2055 | D:2      | Noticed Natasha
  2059 | D:2      | Killed Natasha
  2059 | D:2      | Reached skill level 1 in Conjurations
  2196 | D:2      | Found a sacrificial altar of Ru.
  2397 | D:2      | Noticed Natasha
  2406 | D:2      | Killed Natasha
  2406 | D:2      | Reached XP level 5. HP: 23/42 MP: 0/10
  2505 | D:2      | Found a basalt altar of Yredelemnul.
  2508 | D:2      | Noticed Robin
  2526 | D:2      | HP: 2/42 [hobgoblin/club[Robin] (6)]
  2526 | D:2      | Hit by a goblin thrown by Robin

Skill      XL: |  1  2  3  4 |
---------------+-------------+-----
Spellcasting   | 3 |  3.5
Earth Magic    | 4 |  4.0
Conjurations   | 1 |  1.5
Dodging        | |  1.7
Stealth        | |  3.1
Transmutations | |  1.0

Action                   |  1- 3 |  4- 6 || total
-------------------------+-------+-------++-------
Melee: Unarmed           |     9 |       ||     9
       Hand axe          |       |     1 ||     1
 Cast: Sandblast         |    37 |     9 ||    46
       Stone Arrow       |    13 |     6 ||    19
 Abil: Spit Poison       |    11 |     4 ||    15
  Use: Potion            |       |     1 ||     1
  Eat: Chunk             |     5 |     2 ||     7
Armor: Robe              |     6 |     2 ||     8
Dodge: Dodged            |    32 |     9 ||    41
